 Dungeon Crawl Stone Soup version 0.21.0-25-ge575cb9ce8 (webtiles) character file.

85260 Gargoyl the Corrupter of Planes (level 15, -7/128 HPs)
             Began as a Centaur Abyssal Knight on Jan 25, 2018.
             Was the Champion of Lugonu.
             Killed from afar by a vampire mage (19 damage)
             ... with a bolt of negative energy
             ... on level 15 of the Dungeon.
             The game lasted 00:58:50 (39406 turns).

Gargoyl the Corrupter of Planes (CeAK)             Turns: 39406, Time: 00:58:51

Health: -7/128     AC: 31    Str: 28    XL:     15   Next: 37%
Magic:  20/24      EV:  1    Int: 14    God:    Lugonu [******]
Gold:   557        SH: 19    Dex: 15    Spells: 14/14 levels left

rFire    . . .     SeeInvis .   a - +7 hand axe (freeze)
rCold    + + .     Gourm    .   M - +2 large shield {rC+}
rNeg     . . .     Faith    .   w - +3 plate armour "Dedoaloo" {Int+3}
rPois    +         Spirit   .   O - +2 hat {MR+}
rElec    .         Reflect  .   i - +0 cloak
rCorr    .         Harm     .   k - +1 pair of gloves
MR       ++...                  L - +0 centaur barding
Stlth    ..........             (no amulet)
HPRegen  0.31/turn              j - +3 ring of dexterity
MPRegen  0.19/turn              A - +3 ring of strength

@: mighty, drained, very quick
A: large, hooves 3, molten scales 1, agile 1, cold resistance 1, deformed body,
speed 2, poison resistance, shaggy fur 1, tough skin 3
a: Depart the Abyss, Bend Space, Banish, Corrupt, Enter the Abyss, Brand Weapon
With Distortion, Renounce Religion


You were on level 15 of the Dungeon.
You worshipped Lugonu.
Lugonu was exalted by your worship.
You were not hungry.

You visited 2 branches of the dungeon, and saw 21 of its levels.
You visited the Abyss 1 time.
You also visited: Ice Cave.

You collected 1851 gold pieces.
You spent 1294 gold pieces at shops.

Inventory:

Hand Weapons
 a - a +7 hand axe of freezing (weapon)
 q - a +2 hand axe of holy wrath
Missiles
 J - 2 javelins of penetration (quivered)
Armour
 i - a +0 cloak (worn)
 k - a +1 pair of gloves (worn)
 p - a +3 buckler
 w - the +3 plate armour "Dedoaloo" (worn) {Int+3}
   (You found it on level 8 of the Dungeon)

   It affects your intelligence (+3).
 L - a +0 centaur barding (worn)
 M - a +2 large shield of cold resistance (worn)
 O - a +2 hat of magic resistance (worn)
Jewellery
 j - a +3 ring of dexterity (left hand)
 A - a +3 ring of strength (right hand)
 I - a +3 ring of protection
Wands
 d - a wand of clouds (8)
 f - a wand of acid (22)
 l - a wand of flame (51)
 r - a wand of disintegration (15)
 s - a wand of paralysis (12)
 y - a wand of polymorph (34)
 H - a wand of iceblast (16)
 Q - a wand of enslavement (6)
Scrolls
 b - 4 scrolls of teleportation
 e - 6 scrolls of identify
 g - 10 scrolls of remove curse
 o - a scroll of amnesia
 u - 2 scrolls of fear
 D - 3 scrolls of fog
Potions
 n - 2 potions of flight
 t - a potion of heal wounds
 v - a potion of haste
 x - 4 potions of resistance
 z - 4 potions of ambrosia
 B - 2 potions of agility
 C - a potion of curing
 E - 4 potions of cancellation
 F - 2 potions of brilliance
 G - a potion of magic
 K - a potion of invisibility
 N - a potion of might
Books
 m - Veciheoc's Reference Book on Transmigration
   (You found it on level 11 of the Dungeon)

   Spells                             Type                      Level
   a - Beastly Appendage              Transmutation                1
   b - Spider Form                    Transmutation/Poison         3
   c - Alistair's Intoxication        Transmutation/Poison         5
   d - Blade Hands                    Transmutation                5
   e - Hydra Form                     Transmutation                6
Miscellaneous
 h - a lightning rod (4/4)
Comestibles
 c - 29 rations


   Skills:
 + Level 10.4(9.4) Fighting
 + Level 12.7(11.6) Axes
 + Level 1.2(0.4) Throwing
 * Level 12.4(11.2) Armour
 + Level 1.7(0.9) Dodging
 + Level 7.0(6.0) Shields
 * Level 13.1(12.0) Invocations


You had 14 spell levels left.
You didn't know any spells.

Dungeon Overview and Level Annotations

Branches:
Dungeon (15/15)            Temple (0/1) D:4            Lair (6/6) D:10
  Swamp (0/4) Lair:4        Snake (0/4) Lair:2        Slime (0/5) Lair:6
    Orc (0/2) D:11         Vaults (0/5) D:13         Depths (0/5) D:15

Altars:
Fedhas
Gozag

Shops:
D:4 [   D:6 *   D:12 [   D:13 *

Annotations:
D:3 topfpfpflanze's ghost, weakling DsNe
D:15 exclusion: Roxanne, Roxanne
Abyss:1 Gastronok


Innate Abilities, Weirdness & Mutations

You have hooves in place of feet.
Armour fits poorly on your strangely shaped body.
You cover ground very quickly.
You have extremely tough skin. (AC +3)
You are partially covered in molten scales. (AC +2)
You are agile. (Dex +2)
Your flesh is cold resistant. (rC+)
Your system is resistant to poisons. (rPois)
You are covered in fur. (AC +1)


Message History

Unknown command.
Found 19 gold pieces.
You see here a scroll of remove curse.
g - 10 scrolls of remove curse (gained 1)
As you read the scroll of teleportation, it crumbles to dust.
You feel strangely unstable. You block the water elemental's attack.
The wyvern bites you but does no damage.
Your surroundings suddenly seem different.
An efreet comes into view. It is wielding a scimitar of flaming.
Unknown command.
Press: ? - help, Shift-Dir - straight line, f - efreet
Aim: an efreet, wielding a scimitar of flaming (chance to defeat MR: 88%)
The efreet is devoured by a tear in reality.
Lugonu claims a new guest.
You feel quite a bit more hungry.
You block the harpy simulacrum's attack.
The harpy simulacrum claws you but does no damage.
A bolt of negative energy appears from out of thin air!
The bolt of negative energy hits you!
You feel drained.
You die...

.........Z.W.Z)EEZ.(....V..
...##############........##
....... ### #........#
.......##≈## #........#
.......#≈≈≈###........#
.......≈≈≈≈≈##....E...#
#.......≈≈#≈#........#
#...§§§.≈#≈≈†....e...#
#....§@.#≈≈≈≈........#
#...§§§Z≈≈≈≈≈........#
#.......≈≈≈≈≈........#
#.......≈≈≈≈≈........#
#.......#≈≈≈≈≈########
#.......##≈≈≈##
............... .........#
##≈


You could see a harpy simulacrum.

Vanquished Creatures
  A frost giant (IceCv)
  The ghost of DildoBatman the Bewitcher, a journeyman FoEn of Sif Muna (D:14)
  4 centaur warriors
  A catoblepas (Lair:5)
  5 two-headed ogres
  2 death knights (D:13)
  A tengu warrior (D:14)
  Sonja (D:13)
  A skeletal warrior (D:15)
  Nergalle (D:10)
  A necromancer (D:15)
  2 phantasmal warriors (D:13)
  A wizard (D:11)
  9 ugly things
  A deep elf mage (D:14)
  10 elephants
  Maurice (D:11)
  6 black mambas
  2 ice statues (IceCv)
  2 gargoyles
  13 spiny frogs
  3 rime drakes
  A freezing wraith (D:13)
  An efreet (D:14)
  13 komodo dragons
  4 trolls
  A queen bee (Lair:3)
  8 hornets
  17 polar bears
  A raiju (shapeshifter) (D:13)
  5 large abominations (D:11)
  16 blink frogs
  12 hippogriffs
  12 slime creatures
  5 dream sheep (Lair:6)
  2 wraiths
  A shadow (D:13)
  15 spriggans
  A tarantella (shapeshifter) (D:15)
  4 wyverns
  4 water elementals
  61 yaks
  2 hungry ghosts
  A steam dragon (D:7)
  3 nagas
  3 soldier ants
  2 hell hounds (D:10)
  A floating eye (shapeshifter) (D:13)
  11 porcupines
  Duvessa (D:7)
  A swamp drake (D:11)
  7 orc warriors
  9 water moccasins
  11 ice beasts
  2 sky beasts
  2 black bears (Lair:6)
  2 phantoms
  38 wolves
  6 ogres
  2 necrophages
  9 centaurs
  4 boggarts (Lair:6)
  7 crocodiles
  A big kobold (D:7)
  18 bullfrogs
  A wyvern zombie (D:7)
  A gnoll sergeant (D:6)
  Dowan (D:7)
  2 wyvern skeletons
  7 scorpions
  27 killer bees
  8 howler monkeys
  9 wights
  2 electric eels
  9 crimson imps
  A centaur zombie (D:8)
  9 hounds
  A quasit (D:11)
  3 jellies
  2 bullfrog skeletons
  6 orc priests
  3 centaur skeletons
  3 gnoll shamans (D:6)
  3 iguanas
  8 orc wizards
  16 worker ants
  7 small abominations (D:11)
  3 hound zombies
  A hound skeleton (D:7)
  2 worker ant zombies
  35 gnolls (D:6)
  A howler monkey skeleton (D:4)
  18 adders
  2 river rats (Lair:1)
  3 shadow imps
  3 oozes
  An adder skeleton (D:7)
  5 worms
  A leopard gecko (D:6)
  44 orcs
  11 giant cockroaches
  7 goblins
  7 hobgoblins
  30 jackals
  5 kobolds
  A quokka (D:8)
  8 frilled lizards
  A jackal zombie (D:3)
  A quokka skeleton (D:4)
  9 rats
  6 fungi
  3 plants
733 creatures vanquished.

Vanquished Creatures (collateral kills)
  2 gnolls (D:6)
2 creatures vanquished.

Vanquished Creatures (others)
  6 hydras
  4 oklob plants
  A wolf spider (Lair:5)
  An efreet (D:15)
  A hornet (D:9)
  An acid dragon (D:13)
  A black bear (Lair:5)
  A killer bee (Lair:3)
  20 fungi
  20 plants
56 creatures vanquished.

Grand Total: 791 creatures vanquished

Notes
Turn   | Place    | Note
-------+----------+-------------------------------------------
     0 | Abyss:1  | Gargoyl the Centaur Abyssal Knight began the quest for the Orb.
     0 | Abyss:1  | Reached XP level 1. HP: 19/19 MP: 2/2
    59 | Abyss:2  | Noticed a large abomination
    71 | Abyss:2  | Noticed a large abomination
    92 | Abyss:2  | Noticed a large abomination
    98 | D:1      | Escaped the Abyss
   114 | D:1      | Reached * piety under Lugonu
   243 | D:1      | Reached XP level 2. HP: 26/26 MP: 3/3
   604 | D:1      | Reached XP level 3. HP: 29/31 MP: 5/5
  1056 | D:2      | Reached skill level 3 in Invocations
  1913 | D:2      | Reached XP level 4. HP: 38/38 MP: 6/6
  2067 | D:3      | Noticed topfpfpflanze's ghost (weakling DsNe)
  2347 | D:4      | Reached ** piety under Lugonu
  2593 | D:4      | Reached XP level 5. HP: 42/46 MP: 7/7
  2650 | D:4      | Found Uqyff's Antique Armour Shop.
  2751 | D:4      | Bought a glowing buckler for 157 gold pieces
  2847 | D:4      | Found a staircase to the Ecumenical Temple.
  3090 | D:5      | Entered Level 5 of the Dungeon
  3266 | D:5      | Reached XP level 6. HP: 36/52 MP: 8/8
  3861 | D:6      | Noticed a sky beast
  3864 | D:6      | Reached skill level 4 in Invocations
  3877 | D:6      | Killed a sky beast
  4032 | D:6      | Reached XP level 7. HP: 33/59 MP: 10/10
  4975 | D:6      | Found Orickeof's General Store.
  4981 | D:6      | Bought a +1 hat for 143 gold pieces
  5015 | D:6      | Found a blossoming altar of Fedhas.
  5081 | D:6      | HP: 3/60 [ice beast (14)]
  5566 | D:6      | Reached XP level 8. HP: 54/67 MP: 11/11
  5626 | D:6      | Reached *** piety under Lugonu
  6230 | D:6      | Reached skill level 5 in Invocations
  6238 | D:6      | Reached skill level 5 in Armour
  6274 | D:6      | Reached skill level 5 in Axes
  6624 | D:6      | Noticed a troll
  6650 | D:6      | Killed a troll
  7069 | D:7      | Reached skill level 1 in Shields
  7203 | D:7      | Reached **** piety under Lugonu
  7203 | D:7      | Reached skill level 5 in Fighting
  7609 | D:7      | Reached skill level 1 in Dodging
  7609 | D:7      | Reached XP level 9. HP: 38/74 MP: 13/13
  7779 | D:7      | Noticed Dowan
  7784 | D:7      | Noticed Duvessa
  7813 | D:7      | Killed Duvessa
  7813 | D:7      | Reached skill level 6 in Invocations
  7813 | D:7      | Killed Dowan
  9579 | D:8      | Got a shimmering plate armour
  9590 | D:8      | Identified the +3 plate armour "Dedoaloo" {Int+3} (You found it on level 8 of the Dungeon)
  9791 | D:8      | Found an opulent altar of Gozag.
  9926 | D:9      | Reached XP level 10. HP: 75/81 MP: 15/15
  9931 | D:9      | Paralysed by a hornet for 3 turns
 10208 | D:9      | Reached skill level 7 in Invocations
 10913 | D:10     | Entered Level 10 of the Dungeon
 11618 | D:10     | Noticed Nergalle
 11634 | D:10     | Killed Nergalle
 11702 | D:10     | Found a staircase to the Lair.
 11809 | Lair:1   | Entered Level 1 of the Lair of Beasts
 12113 | Lair:1   | Noticed a spiny frog
 12125 | Lair:1   | Killed a spiny frog
 12289 | Lair:1   | Reached skill level 8 in Invocations
 12289 | Lair:1   | Reached XP level 11. HP: 31/90 MP: 15/17
 12702 | Lair:1   | Reached ***** piety under Lugonu
 12809 | Lair:1   | Gained mutation: You have a pair of small antennae on your head. [potion of mutation]
 12809 | Lair:1   | Gained mutation: You are robust. (+10% HP) [potion of mutation]
 12810 | Lair:1   | Lost mutation: You have a pair of small antennae on your head. [potion of mutation]
 12810 | Lair:1   | Lost mutation: You are robust. (+10% HP) [potion of mutation]
 12810 | Lair:1   | Gained mutation: You are partially covered in molten scales. (AC +2) [potion of mutation]
 12810 | Lair:1   | Gained mutation: You are clumsy. (Dex -2) [potion of mutation]
 12810 | Lair:1   | Gained mutation: You have supernaturally acute eyesight. (SInv) [potion of mutation]
 13654 | Lair:2   | Found a staircase to the Snake Pit.
 13781 | Lair:2   | Noticed a five-headed hydra
 13785 | Lair:2   | Banished a five-headed hydra
 13795 | Lair:2   | Noticed a five-headed hydra
 13796 | Lair:2   | Banished a five-headed hydra
 13903 | Lair:2   | Noticed Gastronok
 14277 | Lair:2   | Banished Gastronok
 14651 | Lair:2   | Reached skill level 9 in Invocations
 15337 | Lair:2   | Noticed a five-headed hydra
 15339 | Lair:2   | Banished a five-headed hydra
 15974 | Lair:2   | Reached XP level 12. HP: 25/100 MP: 18/18
 17458 | Lair:3   | Reached skill level 10 in Axes
 17514 | Lair:3   | HP: 4/100 [killer bee (9)]
 17522 | Lair:3   | HP: 3/100 [poisoned by a killer bee]
 17529 | Lair:3   | HP: 3/100 [poisoned by a killer bee]
 17537 | Lair:3   | HP: 3/100 [poisoned by a killer bee]
 17546 | Lair:3   | HP: 3/100 [poisoned by a killer bee]
 17553 | Lair:2   | HP: 3/100 [poisoned by a killer bee]
 19142 | Lair:4   | Reached skill level 10 in Armour
 19291 | Lair:4   | Reached skill level 10 in Invocations
 19763 | Lair:4   | Got a crystal long sword
 19776 | Lair:4   | Identified the cursed +1 long sword of Attainder {freeze, rF+ rC+} (You found it on level 4 of the Lair of Beasts)
 19996 | Lair:4   | Noticed a six-headed hydra
 19999 | Lair:4   | Banished a six-headed hydra
 20361 | Lair:4   | Found a staircase to the Swamp.
 21184 | Lair:5   | Found the cursed +13 scythe of Curses {drain, *Curse}
 21348 | Lair:5   | Got a spiked chain mail
 21359 | Lair:5   | Identified the +5 chain mail of Insatiable Hunger {MR+++ MP+9 Dex-4 Stlth-} (You found it on level 5 of the Lair of Beasts)
 21455 | Lair:5   | Reached XP level 13. HP: 91/107 MP: 19/21
 23357 | Lair:5   | Paralysed by a hornet for 1 turns
 23766 | Lair:6   | Entered Level 6 of the Lair of Beasts
 24230 | Lair:6   | Reached skill level 11 in Invocations
 24381 | Lair:6   | Paralysed by a hornet for 3 turns
 24425 | Lair:5   | HP: 5/108 [poisoned by a black mamba]
 24431 | Lair:5   | HP: 5/108 [poisoned by a black mamba]
 26064 | Lair:6   | Reached skill level 5 in Shields
 26614 | Lair:6   | Reached skill level 1 in Throwing
 26982 | Lair:6   | Found a staircase to the Slime Pits.
 27490 | Lair:6   | Reached XP level 14. HP: 118/118 MP: 22/22
 28373 | D:11     | Found a staircase to the Orcish Mines.
 28929 | D:11     | Noticed Maurice
 28945 | D:11     | Killed Maurice
 29601 | D:11     | Reached skill level 12 in Invocations
 30040 | D:11     | Identified Veciheoc's Reference Book on Transmigration
 30768 | D:12     | Found Ytiv's Antique Armour Shop.
 30771 | D:12     | Bought a centaur barding for 644 gold pieces
 30905 | D:12     | Found a frozen archway.
 30936 | IceCv    | Entered an ice cave
 30949 | IceCv    | Reached ****** piety under Lugonu
 32233 | IceCv    | Noticed a frost giant
 32263 | IceCv    | Killed a frost giant
 32866 | IceCv    | Lost mutation: You are clumsy. (Dex -2) [potion of mutation]
 32866 | IceCv    | Lost mutation: You have supernaturally acute eyesight. (SInv) [potion of mutation]
 32866 | IceCv    | Gained mutation: You have a pair of small horns on your head. [potion of mutation]
 32866 | IceCv    | Gained mutation: You expend magic power (3 MP) to strengthen your wands. [potion of mutation]
 32866 | IceCv    | Gained mutation: Your muscles are strong. (Str +2) [potion of mutation]
 32866 | IceCv    | Gained mutation: You are mostly covered in molten scales. (AC +3) [potion of mutation]
 32867 | IceCv    | Lost mutation: Your muscles are strong. (Str +2) [potion of mutation]
 32867 | IceCv    | Lost mutation: You expend magic power (3 MP) to strengthen your wands. [potion of mutation]
 32867 | IceCv    | Lost mutation: You are mostly covered in molten scales. (AC +3) [potion of mutation]
 32867 | IceCv    | Lost mutation: You have a pair of small horns on your head. [potion of mutation]
 32867 | IceCv    | Gained mutation: You are agile. (Dex +2) [potion of mutation]
 32867 | IceCv    | Gained mutation: You are covered in fur. (AC +1) [potion of mutation]
 32867 | IceCv    | Gained mutation: Your system is resistant to poisons. (rPois) [potion of mutation]
 32867 | IceCv    | Gained mutation: Your flesh is cold resistant. (rC+) [potion of mutation]
 33094 | D:12     | Found a runed door.
 33112 | D:12     | Found a runed door.
 33658 | D:13     | Identified a scroll of acquirement
 34881 | D:13     | Found Xahac's Assorted Antiques.
 34914 | D:13     | Bought a potion of heal wounds for 175 gold pieces
 34914 | D:13     | Bought a potion of heal wounds for 175 gold pieces
 35060 | D:13     | Reached skill level 10 in Fighting
 35800 | D:13     | Noticed Sonja
 36108 | D:13     | Killed Sonja
 36277 | D:13     | Found a gate to the Vaults.
 36637 | D:13     | Reached XP level 15. HP: 94/126 MP: 24/24
 37385 | D:14     | Reached skill level 13 in Invocations
 37758 | D:14     | Noticed DildoBatman's ghost (journeyman FoEn)
 37816 | D:14     | Killed DildoBatman's ghost
 39216 | D:15     | Entered Level 15 of the Dungeon
 39216 | D:15     | Noticed Roxanne
 39272 | D:15     | Found a staircase to the Depths.
 39406 | D:15     | Killed from afar by a vampire mage

Skill      XL: |  1  2  3  4  5  6  7  8  9 10 11 12 13 14 15 |
---------------+----------------------------------------------+-----
Axes           | 2 3 4 5 7 8 9 10 11 12 | 12.7
Invocations    | 3 4 5 6 8 9 10 11 12 13 | 13.1
Armour         | 2 3 4 5 6 7 9 10 11 12 | 12.4
Fighting       | 4 5 6 7 8 9 10 | 10.4
Shields        | 1 2 3 4 5 6 7 |  7.0
Dodging        | 1 |  1.7
Throwing       | 1 |  1.2

Action                   |  1- 3 |  4- 6 |  7- 9 | 10-12 | 13-15 || total
-------------------------+-------+-------+-------+-------+-------++-------
Melee: Hand axe          |   119 |   129 |   450 |   724 |  1671 ||  3093
       Kick              |    17 |    42 |   136 |   222 |   641 ||  1058
Throw: Javelin           |       |       |       |     7 |    13 ||    20
Invok: Depart the Abyss  |     1 |       |       |       |       ||     1
       Banish            |       |       |       |    15 |     8 ||    23
       Bend Space        |       |       |       |       |     5 ||     5
Evoke: Wand              |       |       |     2 |       |     2 ||     4
  Use: Scroll            |     4 |    10 |     8 |    10 |    17 ||    49
       Potion            |       |       |     2 |     6 |    14 ||    22
 Stab: Confused          |       |       |     2 |       |     2 ||     4
       Petrified         |       |       |       |       |     7 ||     7
  Eat: Chunk             |     2 |     6 |    14 |    22 |    30 ||    74
       Ration            |       |       |     1 |     5 |     8 ||    14
Armor: Plate armour      |    78 |   101 |   427 |   550 |  1147 ||  2303
Dodge: Dodged            |     3 |    10 |    53 |   178 |   229 ||   473
Block: Buckler           |       |     7 |   124 |   240 |   366 ||   737
       Large shield      |       |       |       |       |   497 ||   497
